 Dungeon Crawl Stone Soup version 0.22-a0-479-gc6e99f3 (webtiles) character file.

261 pk666 the Magician (level 5, -1/28 HPs)
             Began as a Deep Elf Fire Elementalist on June 14, 2018.
             Splashed by Ijyb's acid (14 damage)
             ... on level 3 of the Dungeon.
             The game lasted 00:05:47 (2490 turns).

pk666 the Magician (Deep Elf Fire Elementalist)     Turns: 2490, Time: 00:05:48

Health: -1/28      AC:  4    Str:  5    XL:     5   Next: 96%
Magic:  14/14      EV: 13    Int: 21    God:
Gold:   147        SH:  0    Dex: 15    Spells: 12/13 levels left

rFire    . . .     SeeInvis .   (no weapon)
rCold    . . .     Gourm    .   (no shield)
rNeg     . . .     Faith    .   a - +0 robe
rPois    .         Spirit   .   (no helmet)
rElec    .         Reflect  .   s - +0 cloak
rCorr    .         Harm     .   p - +0 pair of gloves
MR       .....                  (no boots)
Stlth    ++........             (no amulet)
HPRegen  0.09/turn              (no ring)
MPRegen  0.14/turn              (no ring)

@: no status effects
A: no striking features
a: no special abilities


You were on level 3 of the Dungeon.
You were not hungry.

You visited 1 branch of the dungeon, and saw 3 of its levels.

You collected 147 gold pieces.

Inventory:

Armour
 a - a +0 robe (worn)
 p - a +0 pair of gloves (worn)
 s - a +0 cloak (worn)
Jewellery
 l - an uncursed ring of protection from magic {unknown}
 q - a +4 ring of evasion {unknown}
Wands
 k - a wand of scattershot (4)
 r - a wand of flame (25)
Scrolls
 b - a scroll of amnesia {unknown}
 e - 3 scrolls of remove curse {unknown}
 f - a scroll of identify {unknown}
 g - a scroll of fog {unknown}
 j - a scroll of blinking {unknown}
 n - 2 scrolls of enchant armour {unknown}
 o - 2 scrolls of magic mapping {unknown}
 t - a scroll of enchant weapon {unknown}
Potions
 d - a potion of degeneration {unknown}
 h - 2 potions of resistance {unknown}
 i - a potion of might {unknown}
 m - a potion of ambrosia {unknown}
 u - 2 potions of lignification {unknown}
Comestibles
 c - 5 rations
 v - 7 chunks of flesh


   Skills:
 - Level 2.4 Dodging
 - Level 2.4 Stealth
 + Level 4.9 Spellcasting
 * Level 4.6 Conjurations
 + Level 4.6 Fire Magic


You had 12 spell levels left.
You knew the following spells:

 Your Spells              Type           Power        Failure   Level  Hunger
a - Flame Tongue          Conj/Fire      ###..        1%          1    None

Your spell library contained the following spells:

 Spells                   Type           Power        Failure   Level  Hunger
 Fireball                 Conj/Fire      ###.......   41%         5    #####..
 Conjure Flame            Conj/Fire      ###.....     4%          3    ##.....
 Throw Flame              Conj/Fire      ###...       2%          2    None
 Sticky Flame             Conj/Fire      ###.....     16%         4    ####...
 Inner Flame              Hex/Fire       ##......     13%         3    ##.....


Dungeon Overview and Level Annotations

Branches:
Dungeon (3/15)

Altars:
Dithmenos
Qazlal
The Shining One

Annotations:
D:3 Ijyb


Message History

Butcher a goblin corpse? [(y)es/(n)o/(a)ll/(q)uit/?]
You butcher the goblin corpse. x4
v - 3 chunks of flesh;
v - 5 chunks of flesh (gained 2)
v - 6 chunks of flesh (gained 1);
v - 8 chunks of flesh (gained 2)
Items here: )))) ÷÷ You start resting.
Ijyb the Twisted Goblin comes into view.
Your magical contamination has completely faded away.
You start resting.
Eating one of 8 chunks of flesh.
You eat one of the 8 chunks of flesh.
This raw flesh tastes terrible.
Magic restored.
Items here: )))) ÷÷ Ijyb shouts!
Ijyb zaps a wand.
The bolt of acid misses you.
It is a wand of acid (7).
Ijyb zaps a wand.
The bolt of acid hits you!
Ouch! That really hurt!
You are splashed with acid!
The acid burns!
Ouch! That really hurt!
You die...

#...........###########...####
#....).##........##...........
#.....÷.#....###..............
#..<.÷..#g...# #.##...........
###.......##...# #.######...####
#..............##########...#
##.###.##.......8.8.8.8.##[..####
...(.#.###.###..........##......#
##.#.#.##.......@.......###.###..
#.....##...............# #.# ###
###.####..###..........# #.# #
#.......# #..........###.#####
######..###.)8.8.8.8.#.......#
#.......)..#########...###.#
#.###########.....###### #.#
#####.#### #.......##### #.#
##........## ##.#.........# #.#


You could see Ijyb.

Vanquished Creatures
  A bullfrog (D:3)
  Crazy Yiuf (D:2)
  7 gnolls (D:3)
  2 adders
  An ooze (D:3)
  2 worms (D:2)
  4 dart slugs
  3 leopard geckos
  A ball python (D:3)
  8 bats
  14 goblins
  4 hobgoblins
  3 jackals (D:3)
  A quokka (D:2)
  3 frilled lizards
  7 kobolds
  5 rats
67 creatures vanquished.

Notes
Turn   | Place    | Note
-------+----------+-------------------------------------------
     0 | D:1      | pk666 the Deep Elf Fire Elementalist began the quest for the Orb.
     0 | D:1      | Reached XP level 1. HP: 10/10 MP: 6/6
   323 | D:1      | Reached XP level 2. HP: 15/15 MP: 4/8
   740 | D:2      | Reached XP level 3. HP: 19/19 MP: 6/10
   811 | D:2      | Found a stormy altar of Qazlal.
   913 | D:2      | Found a runed door.
  1448 | D:2      | Noticed Crazy Yiuf
  1452 | D:2      | Killed Crazy Yiuf
  1452 | D:2      | Reached XP level 4. HP: 24/24 MP: 8/12
  1601 | D:3      | Found a glowing golden altar of the Shining One.
  1633 | D:3      | Reached XP level 5. HP: 28/28 MP: 1/13
  1945 | D:3      | Found a shadowy altar of Dithmenos.
  2428 | D:3      | Noticed Ijyb
  2490 | D:3      | Splashed by Ijyb's acid

Vault maps used:
D:1:      minmay_arrival_checkered_box
D:2:      grunt_qazlal_clouds, uniq_crazy_yiuf_cottage
D:3:      kennysheep_the_goblin_king, old_standard_altar, tso_metal_star,
          hangedman_decor_growths, nicolae_dithmenos_through_a_glass_darkly

Skill      XL: |  1  2  3  4  5 |
---------------+----------------+-----
Conjurations   | 2 3 4 |  4.6
Spellcasting   | 4 |  4.9
Fire Magic     | 4 |  4.6
Dodging        | |  2.4
Stealth        | |  2.4

Action                   |  1- 3 |  4- 6 || total
-------------------------+-------+-------++-------
 Cast: Flame Tongue      |    69 |    60 ||   129
  Eat: Chunk             |     1 |     4 ||     5
Armor: Robe              |     6 |     9 ||    15
Dodge: Dodged            |    12 |    24 ||    36

Table legend:
 A = Spawn XP
 B = Non-spawn XP
 C = Spawn XP percentage of total XP
 D = Spawn monster count
 E = Non-spawn monster count
 F = Spawn count percentage of total count
 G = Total turns spent on level
                    A         B        C        D         E        F      G
               +---------+---------+-------+---------+---------+-------+---------
         Total |       0 |     374 |   0.0 |       0 |      67 |   0.0 |  2490
               +---------+---------+-------+---------+---------+-------+---------
           D:1 |       0 |      15 |   0.0 |       0 |       8 |   0.0 |   521
           D:2 |       0 |     110 |   0.0 |       0 |      29 |   0.0 |   976
           D:3 |       0 |     249 |   0.0 |       0 |      30 |   0.0 |   993
               +---------+---------+-------+---------+---------+-------+---------
